Map: Simulacrum LE

Players

RuFF

  • Race: Terran Terran
  • League: Master
  • Spawn Location: 11:00

YoureOnTilt - Winner!

  • Race: Terran Terran
  • League: Master
  • Spawn Location: 5:00

VOD

Have the link to the VOD?

Description

Time

  • Played on: Dec. 15, 2019, 12:56 p.m.
  • Length: 7:47
Show
View Real Time Build Order
Export as new Build Order

RuFF Terran 

Build Orders:  

Get SALT Encoding   

  12  0:00  SCV  
  13  0:13  SCV  
  14  0:19  Supply Depot  
  14  0:25  SCV  
  15  0:30  Refinery  
  15  0:40  SCV  
  16  0:45  Barracks  
  16  0:53  SCV  
  16  0:55  Refinery  
  17  1:05  SCV  
  18  1:20  SCV  
  19  1:32  Marine  
  19  1:34  Factory  
  20  1:40  Orbital Command  
  20  1:56  Barracks Reactor  
  20  2:00  Supply Depot  
  20  2:08  SCV  
  21  2:19  Factory Tech Lab  
  21  2:20  SCV  
  21  2:22  Armory  
  22  2:30  Starport  
  22  2:36  SCV  
  23  2:39  Widow Mine  
  23  2:41  Marine  
  27  2:55  SCV, Supply Depot  
  27  3:14  SCV  
  27  3:16  Thor  
  34  3:20  Medivac  
  36  3:36  SCV  
  35  3:48  SCV, Terran Vehicle Weapons Level 1  
  35  3:49  Supply Depot  
  35  3:50  Marine x2  
  38  4:04  Factory Tech Lab  
  28  4:34  Marine x2  
  28  4:37  Thor  
  30  4:39  Medivac  
  29  4:51  Marine  
  27  4:54  SCV  
  26  5:08  Marine  
  26  5:09  Marine  
  26  5:13  SCV  
  29  5:20  Siege Tank  
  32  5:25  SCV  
  31  5:53  Thor  
  31  5:54  Marine x2  
  31  5:55  SCV  
  34  6:08  SCV  
  35  6:12  Medivac  
  35  6:13  Marine  
  35  6:17  Marine  
  39  6:20  SCV  
  40  6:32  SCV  
  39  6:44  SCV  
  40  6:48  Siege Tank  
  39  7:12  Medivac  
  39  7:16  Marine x2  
  41  7:28  SCV  
Show
View Real Time Build Order
Export as new Build Order

YoureOnTilt Terran - Winner!

Build Orders:  

Get SALT Encoding   

  12  0:00  SCV  
  13  0:12  SCV  
  14  0:17  Supply Depot  
  14  0:25  SCV  
  15  0:29  Refinery  
  15  0:38  SCV  
  16  0:44  Barracks  
  16  0:50  SCV  
  16  0:54  Refinery  
  17  1:02  SCV  
  18  1:14  SCV  
  19  1:30  Orbital Command  
  19  1:32  Reaper  
  20  1:37  Factory  
  20  1:48  Supply Depot  
  20  1:57  SCV  
  21  2:04  Reaper  
  22  2:10  SCV  
  23  2:20  Hellion  
  25  2:29  SCV  
  26  2:30  Command Center  
  26  2:36  Starport, Reaper  
  27  2:42  Hellion  
  29  2:46  Supply Depot  
  29  2:50  SCV  
  30  3:02  SCV  
  31  3:06  Factory Tech Lab  
  31  3:08  Marine  
  32  3:17  Viking  
  32  3:19  Bunker  
  34  3:27  Cyclone  
  35  3:37  Barracks Reactor  
  35  3:38  SCV  
  36  3:43  Orbital Command  
  36  3:51  SCV  
  36  3:54  Starport Tech Lab  
  37  3:59  Siege Tank  
  40  4:03  SCV  
  40  4:09  SCV  
  42  4:11  Refinery  
  42  4:14  Marine  
  42  4:15  Marine  
  38  4:25  SCV  
  34  4:32  SCV  
  34  4:37  SCV  
  36  4:41  Marine x2  
  36  4:42  Cyclone  
  36  4:45  SCV  
  41  4:49  SCV  
  41  4:57  SCV  
  40  5:01  SCV, Marine x2  
  40  5:02  Viking  
  44  5:09  SCV  
  44  5:13  SCV  
  46  5:16  Siege Tank  
  46  5:21  SCV  
  50  5:24  Supply Depot  
  50  5:25  SCV  
  50  5:27  Supply Depot  
  51  5:29  Marine x2  
  51  5:33  SCV  
  54  5:37  SCV  
  52  5:48  SCV  
  52  5:49  Marine x2  
  52  5:52  SCV  
  52  5:55  Supply Depot  
  52  5:56  Siege Tank, Refinery  
  56  6:01  SCV  
  57  6:04  SCV  
  57  6:08  Marine x2  
  60  6:12  Raven  
  60  6:13  SCV  
  60  6:16  SCV, Supply Depot  
  64  6:25  SCV  
  63  6:28  SCV  
  61  6:34  Marine x2  
  61  6:35  Siege Tank  
  61  6:37  SCV  
  66  6:41  SCV  
  66  6:45  Barracks  
  66  6:46  Barracks  
  67  6:49  SCV  
  67  6:50  Engineering Bay  
  67  6:53  SCV  
  67  7:01  SCV  
  67  7:05  SCV  
  67  7:13  SCV  
  70  7:17  SCV  
  72  7:24  Supply Depot  
  72  7:25  SCV  
  72  7:28  Marine  
  72  7:29  SCV  
  79  7:36  Barracks Tech Lab x2  
  79  7:37  Barracks Reactor  
  79  7:42  Supply Depot  
  76  7:46  Supply Depot  
Tags
 
Matchup
TvT
Race
Terran
Spawn Locations
Cross Positions
Add a new tag
Caveats
  • Supply blocks, unpowered buildings, or Contaminate may cause inaccurate times.
  • Supply counts are checked every 10 seconds.